Unix NetHack Version 5.0.0-0 post-release - last build Jun 10 2026 00:39:30 (3ee93aec679c4c4259841fe613dc97188e26a321,branch:main).

Game began 2026-07-09 16:29:22, ended 2026-07-09 16:43:54.

DrabEmordnilap, neutral male human Tourist

                                       ---------
                                       |.......|
                                       |..<....|
                                       ........|
                                       |.......|
                                       ---------



                                                                -----------
                                                                |.????????|
                                                                +@????????|
                                                                |.+?????+]|
                                                                |.+??.m@??|
                                                                -----------

DrabEmordnilap the Rambler  St:13 Dx:9 Co:16 In:14 Wi:8 Ch:15  Neutral
Dlvl:4  $:14 HP:0(14) Pw:9(9) AC:10 Xp:2/39 T:1350 

Latest messages:
 You see here a blindfold.
 N - a blindfold.
 You swap places with Albequerque.
 You stop.  Albequerque is in the way!
 A trap door opens up under you!
 "Aloha, DrabEmordnilap!  Welcome to Clonegal's second-hand bookstore!"
 You see here a scroll of magic mapping (for sale, 133 zorkmids).
 You see here a scroll labeled LEP GEX VEN ZEA (for sale, 89 zorkmids).
 (For instructions type a '?')
 Call a scroll labeled LEP GEX VEN ZEA: light
 You see here a scroll labeled TEMOV (for sale, 178 zorkmids).
 (For instructions type a '?')
 Call a scroll labeled TEMOV: TEMOV 100
 You see here a scroll labeled THARR (for sale, 80 zorkmids).
 (For instructions type a '?')
 Call a scroll labeled THARR: enchant weapon
 That scroll labeled XIXAXA XOXAXA XUXAXA is a small mimic!
 You hit the small mimic.
 You miss the small mimic.
 You hit the small mimic.
 You hit the small mimic.
 You miss the small mimic.
 You miss the small mimic.
 You hit the small mimic.
 You miss the small mimic.
 What do you want to use or apply? [lmF-KN or ?*] ?
 In what direction? 4
 The flash of light shines on the small mimic.
 Welcome to experience level 2.
 You miss the small mimic.
 The small mimic hits!
 You miss the small mimic.
 You miss the small mimic.
 You miss the small mimic.
 You hit the small mimic.
 You miss the small mimic.
 You hit the small mimic.
 You miss the small mimic.
 You miss the small mimic.
 You see here a scroll called TEMOV 100 (for sale, 178 zorkmids).
 You miss the small mimic.
 You miss the small mimic.
 The small mimic hits!
 You die...
 Clonegal gratefully inherits all your possessions.
 Do you want to see what you had when you died? [ynq] (y) y
 Do you want to see your attributes? [ynq] (y) y
 Do you want an account of creatures vanquished? [ynaq] (y) y
 Do you want to see your conduct and achievements? [ynq] (y) y
 Do you want to see the dungeon overview? [ynq] (y) y

Inventory:
 Coins    ('$')
  $ - 14 gold pieces
 Amulets  ('"')
  E - an uncursed amulet of ESP
 Weapons  (')')
  a - 23 +2 darts (at the ready)
  p - a +0 short sword (weapon in right hand)
 Armor    ('[')
  k - a blessed +0 Hawaiian shirt with a giant eel motif (being worn)
 Comestibles  ('%')
  b - an uncursed taco
  c - an uncursed apple
  f - an uncursed cram ration
  v - 2 uncursed food rations
  d - 3 uncursed lembas wafers
  e - 4 uncursed pancakes
  h - an uncursed tripe ration
  g - an uncursed tin of sauteed newt meat
 Wands    ('/')
  F - a wand of make invisible (0:7)
 Tools    ('(')
  N - an uncursed blindfold
  I - an uncursed brass lantern
  m - an uncursed credit card
  l - an expensive camera (0:61)
  H - a magic marker (0:62)
  J - an uncursed mirror
  G - an uncursed skeleton key
  K - an uncursed towel

DrabEmordnilap the Tourist's attributes:

Background:
 You were a Rambler, a level 2 male human Tourist.
 You were neutral, nominally on a mission for The Lady
 who was opposed by Blind Io (lawful) and Offler (chaotic).
 You were right-handed.
 You were in the Dungeons of Doom, on level 4.
 You entered the dungeon 1350 turns ago.
 You had 39 experience points, 1 more was needed to attain level 3.

Basics:
 You had 0 out of 14 hit points.
 You had all 9 energy points (spell power).
 Your armor class was 10.
 Your wallet contained 14 zorkmids.
 Autopickup was off.

Final Characteristics:
 Your strength was 13 (limit:18/100).
 Your dexterity was 9 (limit:18).
 Your constitution was 16 (limit:18).
 Your intelligence was 14 (limit:18).
 Your wisdom was 8 (limit:18).
 Your charisma was 15 (limit:18).

Final Status:
 You weren't hungry.
 You were unencumbered.
 You were wielding a short sword.
 You were unskilled in short sword.

Final Attributes:
 You were nominally aligned.
 You are dead.

Miscellaneous:
 You didn't encounter any bones levels.
 Total elapsed playing time was 14 minutes and 30 seconds.

Major events:
 Turn
    1: DrabEmordnilap the neutral male human Tourist entered the dungeon
  830: entered the Gnomish Mines
 1350: killed by a small mimic

You didn't know any spells.

Skills:
 Fighting Skills
   bare handed combat [Unskilled]
   two weapon combat  [Unskilled]
   riding             [Unskilled]
 Weapon Skills
   dagger             [Unskilled]
   knife              [Unskilled]
   axe                [Unskilled]
   pick-axe           [Unskilled]
   short sword        [Unskilled]
   broadsword         [Unskilled]
   long sword         [Unskilled]
   two-handed sword   [Unskilled]
   saber              [Unskilled]
   mace               [Unskilled]
   morning star       [Unskilled]
   flail              [Unskilled]
   hammer             [Unskilled]
   quarterstaff       [Unskilled]
   polearms           [Unskilled]
   spear              [Unskilled]
   trident            [Unskilled]
   lance              [Unskilled]
   bow                [Unskilled]
   sling              [Unskilled]
   crossbow           [Unskilled]
   dart               [Basic]
   shuriken           [Unskilled]
   boomerang          [Unskilled]
   whip               [Unskilled]
   unicorn horn       [Unskilled]
 Spellcasting Skills
   divination spells  [Unskilled]
   enchantment spells [Unskilled]
   escape spells      [Unskilled]

Voluntary challenges:
 Character rerolling was not enabled.
 You were an atheist.
 You never genocided any monsters.
 You never polymorphed an object.
 You never changed form.
 You used no wishes.
Achievements:
 You entered the Gnomish Mines.
 You entered a shop.

 The Dungeons of Doom: levels 1 to 4
    Level 1:
       A fountain.
    Level 2:
    Level 3: "temp stash"
       A tool shop, a fountain, a sink.
       Stairs down to The Gnomish Mines.
    Level 4: <- You were here.
       A scroll shop.
       Final resting place for
          you, killed by a small mimic.
 The Gnomish Mines:
    Level 4:


Vanquished creatures:
  a gas spore
  a gnome zombie
  a gecko
  2 jackals
  a fox
  a goblin
  6 grid bugs
  4 lichens
  3 kobold zombies
  7 newts
27 creatures vanquished.

No species were genocided or became extinct.

Game over:
                       ----------
                      /          \
                     /    REST    \
                    /      IN      \
                   /     PEACE      \
                  /                  \
                  |  DrabEmordnilap  |
                  |      14 Au       |
                  |   killed by a    |
                  |   small mimic    |
                  |                  |
                  |                  |
                  |       2026       |
                 *|     *  *  *      | *
        _________)/\\_//(\/(/\)/\//\/|_)_______

Aloha DrabEmordnilap the Tourist...

You died in The Dungeons of Doom on dungeon level 4 with 366 points,
and 14 pieces of gold, after 1350 moves.
You were level 2 with a maximum of 14 hit points when you died.

